Blackhawks vs Maple Leafs (R2)

Created - 8 mai 2016 at 22:28

Goals
1 2 3 T
Blackhawks 2 5 1 8
Maple Leafs 1 1 2 4
Shots
1 2 3 T
Blackhawks 12 13 6 31
Maple Leafs 7 17 12 36

1st period

1. Blackhawks , Henrik Zetterberg 1 (Kris Versteeg, Jamie Langenbrunner) at 3:59
2. Blackhawks , Henrik Zetterberg 2 (Robert Nilsson, Kris Versteeg) at 14:17 (PP)
3. Maple Leafs , Fabian Brunnstrom 1 (Alexander Frolov) at 16:40

Penalties :
Alexander Frolov (Tor) for Hooking (Minor) at 6:16, Brendan Morrison (Tor) for Cross-checking (Minor) at 10:28, Rob Schremp (Tor) for Tripping (Minor) at 14:03

2nd period

4. Blackhawks , Henrik Zetterberg 3 (Robert Nilsson, Chris Campoli) at 5:04 (PP)
5. Blackhawks , John Carlson 1 (Brent Burns) at 5:13 (PP)
6. Blackhawks , Sheldon Keefe 1 (Daniel Carcillo, Dominic Moore) at 7:34
7. Blackhawks , Henrik Zetterberg 4 (Robert Nilsson) at 9:04 (PP)
8. Blackhawks , Dominic Moore 1 (John Carlson, Steve Bernier) at 15:57
9. Maple Leafs , Justin Abdelkader 2 (Blake Comeau, Rob Schremp) at 18:47

Penalties :
Dominic Moore (Chi) for Tripping (Minor) at 1:42, Marc-Édouard Vlasic (Tor) for Holding (Minor) at 4:13, Tobias Enstrom (Tor) for Holding (Minor) at 4:23, Evgeni Malkin (Tor) for Hooking (Minor) at 5:14, Evgeni Malkin (Tor) for Interference (Minor) at 8:59, John Carlson (Chi) for Slashing (Double Minor) at 9:13, Brendan Morrison (Tor) for Roughing (Minor) at 9:46, Claude Giroux (Tor) for Fighting (Major) at 14:55, Pierre-Marc Bouchard (Chi) for Fighting (Major) at 14:55, Wes O'Neill (Chi) for Roughing (Minor) at 19:23

3rd period

10. Blackhawks , Chris Higgins 1 (Steve Bernier, Brent Burns) at 2:28 (PP)
11. Maple Leafs , Colby Armstrong 1 (Jordan Staal, Justin Schultz) at 8:36
12. Maple Leafs , Jordan Staal 1 (Braydon Coburn, Tobias Enstrom) at 10:26

Penalties :
Colby Armstrong (Tor) for Hooking (Minor) at 1:46, Alexander Frolov (Tor) for Holding (Minor) at 5:13, Robert Nilsson (Chi) for High sticking (Minor) at 10:42

Goalie Stats

Tyler Weiman (Chi), 32 saves from 36 shots - (0,889), W, 2-1-0, 60:00 minutes
Marc-André Fleury (Tor), 17 saves from 21 shots - (0,810), 42:45 minutes
Mike Smith (Tor), 6 saves from 10 shots - (0,600), L, 0-1-0, 17:15 minutes

Players Stats for Blackhawks

Player Name              G  A  P  +/- PIM S  H  SB GA TA FO     MP     PP MP  PK MP  
------------------------------------------------------------------------------------
Andy Rogers              0  0  0   0  0   2  3  1  0  0  0/0    19:34   0:58   5:27 
Brent Burns              0  2  2  -2  0   2  1  3  0  0  0/0    30:04   6:05   4:26 
Chris Campoli            0  1  1   1  0   0  1  0  0  0  0/0    15:22   3:52   2:30 
Chris Higgins            1  0  1  -2  0   2  1  1  1  1  1/1    14:09   3:57   0:54 
Daniel Carcillo          0  1  1   0  0   1  1  0  1  1  0/1    10:11   0:00   0:51 
Dominic Moore            1  1  2   2  2   2  0  0  0  0  5/15   15:10   0:00   3:39 
Henrik Zetterberg        4  0  4   1  0   10 0  1  0  0  1/1    21:54   6:00   0:00 
Jamie Langenbrunner      0  1  1  -1  0   1  2  0  0  0  1/1    11:27   0:00   4:52 
Jeff Schultz             0  0  0   0  0   0  0  1  0  0  0/0    12:35   2:54   2:30 
John Carlson             1  1  2  -2  4   2  2  1  0  0  0/0    24:41   6:05   0:11 
Kris Versteeg            0  2  2   1  0   3  0  1  0  0  2/2    22:27   6:00   0:00 
Pierre-Marc Bouchard     0  0  0  -2  5   1  2  0  0  0  11/13  15:45   3:57   1:47 
Robert Nilsson           0  3  3   1  2   1  2  0  0  0  11/40  22:32   6:00   0:11 
Ryan Malone              0  0  0  -1  0   0  0  0  0  0  0/0     6:23   0:00   0:00 
Sheldon Keefe            1  0  1   1  0   3  2  0  0  0  1/1    10:07   0:00   2:25 
Steve Bernier            0  2  2  -2  0   0  1  1  0  0  1/1    14:59   3:57   0:00 
Viktor Kozlov            0  0  0  -1  0   0  2  0  0  0  1/3     7:57   0:00   1:20 
Wes O'Neill              0  0  0   1  2   1  1  1  0  1  0/0    14:47   0:00   0:50 

Players Stats for Maple Leafs

Player Name              G  A  P  +/- PIM S  H  SB GA TA FO     MP     PP MP  PK MP  
------------------------------------------------------------------------------------
Alexander Frolov         0  1  1  -1  4   3  3  0  1  0  1/1    21:47   4:12   1:50 
Blake Comeau             0  1  1   0  0   2  0  0  0  0  0/0     7:14   0:00   0:00 
Braydon Coburn           0  1  1   1  0   2  4  3  0  0  0/0    30:41   5:48   6:21 
Brendan Morrison         0  0  0   1  4   1  2  1  0  0  5/12   14:33   3:39   0:55 
Byron Bitz               0  0  0   1  0   0  0  0  0  0  0/0    15:55   3:18   2:14 
Claude Giroux            0  0  0   0  5   1  0  1  1  0  10/13  23:56   3:56   6:19 
Colby Armstrong          1  0  1   1  2   4  0  0  0  1  0/0     8:40   0:05   0:00 
Evgeni Malkin            0  0  0  -1  4   5  1  1  0  0  23/36  24:35   4:12   4:32 
Fabian Brunnstrom        1  0  1   1  0   2  1  0  0  1  0/0    13:10   3:18   0:22 
Jamie McBain             0  0  0   0  0   0  0  0  0  0  0/0     8:22   0:00   0:00 
Jordan Staal             1  1  2   0  0   5  2  1  1  0  2/9    11:49   1:10   0:16 
Justin Abdelkader        1  0  1   0  0   2  1  0  0  0  0/0     7:14   0:00   0:00 
Justin Schultz           0  1  1   0  0   0  2  0  0  0  0/0     9:12   0:00   0:50 
Marc-Édouard Vlasic      0  0  0   0  2   0  2  0  0  0  0/0    20:55   2:09   3:36 
Matt Pettinger           0  0  0   1  0   3  1  0  0  0  1/4    11:08   0:00   2:45 
Rob Schremp              0  1  1   0  2   2  0  0  0  0  2/4     7:13   0:00   0:00 
Taylor Chorney           0  0  0   0  0   0  0  2  0  0  0/0    20:57   2:09   3:36 
Tobias Enstrom           0  1  1   1  2   4  0  0  0  0  0/0    29:50   5:48   5:30 

3 Stars

1 - Henrik Zetterberg (Chi)
2 - Jordan Staal (Tor)
3 - Robert Nilsson (Chi)

Power Play

Blackhawks - 5 on 11 Attempt(s) - 45,45%
Maple Leafs - 0 on 5 Attempt(s) - 0,00%

Penalty Kill

Blackhawks - 5 on 5 Attempt(s) - 100,00% - Score 0 goal in Penalty Kill
Maple Leafs - 6 on 11 Attempt(s) - 54,55% - Score 0 goal in Penalty Kill

Team Stat

Blackhawks - Hits : 21 - Faceoff Wins : 35 - Blocked Shots : 11 - Penalty Minutes : 15
Maple Leafs - Hits : 19 - Faceoff Wins : 44 - Blocked Shots : 9 - Penalty Minutes : 25

Official

Referees : Peel Tim and Auger Stephane
Linesman : Pierre Champoux and Steve Miller

Game Notes

0:36 of 2nd period - Penalty Shot by Marc-Édouard Vlasic for Maple Leafs - Stopped by Tyler Weiman
Henrik Zetterberg has scored a Hat Trick!
Mike Smith enters game at 5:13 of 2nd period
Claude Giroux and Pierre-Marc Bouchard fight to a draw at 14:55 of 2nd period
Jeff Schultz is injured at 16:03 of 2nd period (Sore Left Knee)
Marc-André Fleury enters game at 2:28 of 3rd period
Chris Higgins is injured at 9:11 of 3rd period (Right Hand)

Finance

Level 1 -- Attendance: 5034 (83,90%) -- Ticket Income 503 400 $
Level 2 -- Attendance: 3685 (73,70%) -- Ticket Income 239 525 $
Level 3 -- Attendance: 1399 (69,95%) -- Ticket Income 58 758 $
Level 4 -- Attendance: 2887 (72,18%) -- Ticket Income 86 610 $
Luxury Box -- Attendance: 860 (86,00%) -- Ticket Income 159 100 $
Game was played at the Maple Leafs Garden.
Total Attendance: 13865 (77,03%)
Total Ticket Income: 1 047 393 $
Other Income: 157 109 $
Total Income: 1 204 502 $

Blackhawks

5 vs 5 Forward 
   Center                   Left Wing                Right Wing               Time % Phy DF OF 
 1 Robert Nilsson           Henrik Zetterberg        Kris Versteeg            40     1   2  2  
 2 Pierre-Marc Bouchard     Chris Higgins            Steve Bernier            30     1   2  2  
 3 Dominic Moore            Daniel Carcillo          Sheldon Keefe            20     1   2  2  
 4 Viktor Kozlov            Ryan Malone              Jamie Langenbrunner      10     1   2  2  

5 vs 5 Defense 
   Defense                  Defense                                           Time % Phy DF OF 
 1 Brent Burns              John Carlson                                      40     1   2  2  
 2 Andy Rogers              Jeff Schultz                                      30     1   2  2  
 3 Chris Campoli            Wes O'Neill                                       20     1   2  2  
 4 Brent Burns              Jeff Schultz                                      10     1   2  2  

PowerPlay Forward 
   Center                   Left Wing                Right Wing               Time % Phy DF OF 
 1 Robert Nilsson           Henrik Zetterberg        Kris Versteeg            60     1   2  2  
 2 Pierre-Marc Bouchard     Chris Higgins            Steve Bernier            40     1   2  2  

PowerPlay Defense
   Defense                  Defense                                           Time % Phy DF OF 
 1 Brent Burns              John Carlson                                      60     1   2  2  
 2 Jeff Schultz             Chris Campoli                                     40     1   2  2  

Penalty Kill 4 Players Forward 
   Center                   Wing                     Time % Phy DF OF 
 1 Dominic Moore            Jamie Langenbrunner      60     1   2  2  
 2 Viktor Kozlov            Sheldon Keefe            40     1   2  2  

Penalty Kill 4 Players Defense
   Defense                  Defense                  Time % Phy DF OF 
 1 Andy Rogers              Jeff Schultz             60     1   2  2  
 2 Chris Campoli            Brent Burns              40     1   2  2  

Penalty Kill - 3 Players Forward 
   Forward                                           Time % Phy DF OF 
 1 Henrik Zetterberg                                 60     1   2  2  
 2 Dominic Moore                                     40     1   2  2  

Penalty Kill - 3 Players Defense
   Defense                  Defense                  Time % Phy DF OF 
 1 Brent Burns              Jeff Schultz             60     1   2  2  
 2 Andy Rogers              Brent Burns              40     1   2  2  

4 vs 4 Forward 
   Center                   Wing                     Time % Phy DF OF 
 1 Robert Nilsson           Kris Versteeg            60     1   2  2  
 2 Pierre-Marc Bouchard     Henrik Zetterberg        40     1   2  2  

4 vs 4 Defense
   Defense                  Defense                  Time % Phy DF OF 
 1 Brent Burns              John Carlson             60     1   2  2  
 2 Andy Rogers              Jeff Schultz             40     1   2  2  

Last Minutes Offensive
   Center                   Left Wing                Right Wing               Defense                  Defense                  
   Robert Nilsson           Henrik Zetterberg        Kris Versteeg            Brent Burns              John Carlson             

Last Minutes Defensive
   Center                   Left Wing                Right Wing               Defense                  Defense                  
   Robert Nilsson           Henrik Zetterberg        Kris Versteeg            Brent Burns              Jeff Schultz             

Goaltenders
Starting : Tyler Weiman             
Backup : Jocelyn Thibault         

Extra Forwards
Normal : Dominic Moore, Daniel Carcillo, Sheldon Keefe - PP : Dominic Moore, Daniel Carcillo - PK : Sheldon Keefe
Extra Defensemen
Normal : Wes O'Neill, Chris Campoli, Andy Rogers - PP : Chris Campoli - PK : Jeff Schultz, Andy Rogers
Penalty Shots
Henrik Zetterberg, Steve Bernier, Kris Versteeg, Pierre-Marc Bouchard, Robert Nilsson

Maple Leafs

5 vs 5 Forward 
   Center                   Left Wing                Right Wing               Time % Phy DF OF 
 1 Evgeni Malkin            Alexander Frolov         Claude Giroux            40     1   2  2  
 2 Brendan Morrison         Fabian Brunnstrom        Byron Bitz               30     1   2  2  
 3 Jordan Staal             Matt Pettinger           Colby Armstrong          20     1   2  2  
 4 Rob Schremp              Justin Abdelkader        Blake Comeau             10     1   2  2  

5 vs 5 Defense 
   Defense                  Defense                                           Time % Phy DF OF 
 1 Tobias Enstrom           Braydon Coburn                                    40     1   2  2  
 2 Marc-Édouard Vlasic      Taylor Chorney                                    30     1   2  2  
 3 Jamie McBain             Justin Schultz                                    20     1   2  2  
 4 Tobias Enstrom           Braydon Coburn                                    10     1   2  2  

PowerPlay Forward 
   Center                   Left Wing                Right Wing               Time % Phy DF OF 
 1 Evgeni Malkin            Alexander Frolov         Claude Giroux            60     1   2  2  
 2 Brendan Morrison         Fabian Brunnstrom        Byron Bitz               40     1   2  2  

PowerPlay Defense
   Defense                  Defense                                           Time % Phy DF OF 
 1 Tobias Enstrom           Braydon Coburn                                    60     1   2  2  
 2 Marc-Édouard Vlasic      Taylor Chorney                                    40     1   2  2  

Penalty Kill 4 Players Forward 
   Center                   Wing                     Time % Phy DF OF 
 1 Claude Giroux            Evgeni Malkin            60     1   2  2  
 2 Alexander Frolov         Byron Bitz               40     1   2  2  

Penalty Kill 4 Players Defense
   Defense                  Defense                  Time % Phy DF OF 
 1 Tobias Enstrom           Braydon Coburn           60     1   2  2  
 2 Marc-Édouard Vlasic      Taylor Chorney           40     1   2  2  

Penalty Kill - 3 Players Forward 
   Forward                                           Time % Phy DF OF 
 1 Claude Giroux                                     60     1   2  2  
 2 Evgeni Malkin                                     40     1   2  2  

Penalty Kill - 3 Players Defense
   Defense                  Defense                  Time % Phy DF OF 
 1 Tobias Enstrom           Braydon Coburn           60     1   2  2  
 2 Marc-Édouard Vlasic      Taylor Chorney           40     1   2  2  

4 vs 4 Forward 
   Center                   Wing                     Time % Phy DF OF 
 1 Claude Giroux            Evgeni Malkin            60     1   2  2  
 2 Alexander Frolov         Byron Bitz               40     1   2  2  

4 vs 4 Defense
   Defense                  Defense                  Time % Phy DF OF 
 1 Tobias Enstrom           Braydon Coburn           60     1   2  2  
 2 Marc-Édouard Vlasic      Taylor Chorney           40     1   2  2  

Last Minutes Offensive
   Center                   Left Wing                Right Wing               Defense                  Defense                  
   Evgeni Malkin            Alexander Frolov         Claude Giroux            Tobias Enstrom           Braydon Coburn           

Last Minutes Defensive
   Center                   Left Wing                Right Wing               Defense                  Defense                  
   Evgeni Malkin            Alexander Frolov         Claude Giroux            Tobias Enstrom           Braydon Coburn           

Goaltenders
Starting : Marc-André Fleury        
Backup : Mike Smith               

Extra Forwards
Normal : Jordan Staal, Colby Armstrong, Matt Pettinger - PP : Jordan Staal, Colby Armstrong - PK : Matt Pettinger
Extra Defensemen
Normal : Jamie McBain, Justin Schultz, Marc-Édouard Vlasic - PP : Jamie McBain - PK : Justin Schultz, Marc-Édouard Vlasic
Penalty Shots
Claude Giroux, Evgeni Malkin, Alexander Frolov, Byron Bitz, Brendan Morrison

% Time on Ice - Blackhawks

Lines # - Real PCT - Wanted PCT - Time Play
Normal Forward
1 - 38% - 40% - 15:07
2 - 32% - 30% - 13:02
3 - 15% - 20% - 5:54
4 - 15% - 10% - 6:04
Normal Defense
1 - 44% - 40% - 17:35
2 - 34% - 30% - 13:34
3 - 14% - 20% - 5:49
4 - 8% - 10% - 3:09
PP Forward
1 - 60% - 60% - 6:00
2 - 40% - 40% - 3:57
PP Defense
1 - 61% - 60% - 6:05
2 - 39% - 40% - 3:52
PK Forward
1 - 83% - 60% - 6:37
2 - 17% - 40% - 1:20
PK Defense
1 - 86% - 60% - 6:50
2 - 14% - 40% - 1:07
PK3 Forward
1 - 0% - 60%
2 - 0% - 40%
PK3 Defense
1 - 0% - 60%
2 - 0% - 40%
44 Forward
1 - 82% - 60% - 1:38
2 - 18% - 40% - 0:21
44 Defense
1 - 80% - 60% - 1:35
2 - 20% - 40% - 0:24
Last Minute Offensive  - 0:00
Last Minute Defensive  - 0:00
Total
Forward - 60:00
Defense - 60:00

% Time on Ice - Maple Leafs

Lines # - Real PCT - Wanted PCT - Time Play
Normal Forward
1 - 37% - 40% - 14:59
2 - 25% - 30% - 9:58
3 - 20% - 20% - 7:56
4 - 18% - 10% - 7:14
Normal Defense
1 - 43% - 40% - 17:09
2 - 35% - 30% - 13:53
3 - 21% - 20% - 8:22
4 - 2% - 10% - 0:43
PP Forward
1 - 58% - 60% - 4:39
2 - 42% - 40% - 3:18
PP Defense
1 - 73% - 60% - 5:48
2 - 27% - 40% - 2:09
PK Forward
1 - 76% - 60% - 7:02
2 - 24% - 40% - 2:14
PK Defense
1 - 61% - 60% - 5:40
2 - 39% - 40% - 3:36
PK3 Forward
1 - 100% - 60% - 0:41
2 - 0% - 40% - 0:00
PK3 Defense
1 - 100% - 60% - 0:41
2 - 0% - 40% - 0:00
44 Forward
1 - 79% - 60% - 1:34
2 - 21% - 40% - 0:25
44 Defense
1 - 34% - 60% - 0:40
2 - 66% - 40% - 1:19
Last Minute Offensive  - 0:00
Last Minute Defensive  - 0:00
Total
Forward - 60:00
Defense - 60:00

Play by Play

1st period


0:01 of 1st period - Evgeni Malkin wins face-off versus Robert Nilsson in neutral zone.
0:10 of 1st period - Claude Giroux is hit by Robert Nilsson and loses puck.
0:27 of 1st period - Pierre-Marc Bouchard is hit by Fabian Brunnstrom.
0:47 of 1st period - Snap shot by Byron Bitz.
0:47 of 1st period - Shot Misses the Net.
2:03 of 1st period - Wrist shot by Steve Bernier.
2:03 of 1st period - Deflect By Byron Bitz.
2:03 of 1st period - Shot Misses the Net.
2:03 of 1st period - Puck is out of play.
2:04 of 1st period - Evgeni Malkin wins face-off versus Dominic Moore in Maple Leafs zone.
2:21 of 1st period - Backhand shot by Claude Giroux.
2:21 of 1st period - Stopped by Tyler Weiman without a rebound.
2:22 of 1st period - Jordan Staal wins face-off versus Robert Nilsson in Blackhawks zone.
2:37 of 1st period - Wrist shot by Matt Pettinger.
2:37 of 1st period - Stopped by Tyler Weiman with a rebound.
3:13 of 1st period - Wrist shot by Sheldon Keefe.
3:13 of 1st period - Shot Misses the Net.
3:59 of 1st period - Backhand shot by Henrik Zetterberg.
3:59 of 1st period - Goal by Henrik Zetterberg - Blackhawks : 1 - Maple Leafs : 0.
4:00 of 1st period - Pierre-Marc Bouchard wins face-off versus Brendan Morrison in neutral zone.
4:03 of 1st period - Byron Bitz is hit by Chris Higgins.
4:34 of 1st period - Kris Versteeg is hit by Braydon Coburn and loses puck.
4:49 of 1st period - Slapshot by Rob Schremp.
4:49 of 1st period - Deflect By Blake Comeau.
4:49 of 1st period - Deflect By Henrik Zetterberg.
4:49 of 1st period - Stopped by Tyler Weiman without a rebound.
4:50 of 1st period - Pierre-Marc Bouchard wins face-off versus Rob Schremp in Blackhawks zone.
5:17 of 1st period - Snap shot by Claude Giroux.
5:17 of 1st period - Shot Misses the Net.
5:19 of 1st period - Wrist shot by Alexander Frolov.
5:19 of 1st period - Stopped by Tyler Weiman with a rebound.
5:21 of 1st period - Slapshot by Evgeni Malkin.
5:21 of 1st period - Shot Misses the Net.
5:37 of 1st period - Slapshot by Kris Versteeg.
5:37 of 1st period - Deflect By Henrik Zetterberg.
5:37 of 1st period - Shot Misses the Net.
5:37 of 1st period - Puck is out of play.
5:38 of 1st period - Henrik Zetterberg wins face-off versus Brendan Morrison in Maple Leafs zone.
5:49 of 1st period - Wrist shot by Henrik Zetterberg.
5:49 of 1st period - Shot Misses the Net.
5:51 of 1st period - Wrist shot by Kris Versteeg.
5:51 of 1st period - Stopped by Marc-André Fleury with a rebound.
5:53 of 1st period - Wrist shot by Kris Versteeg.
5:53 of 1st period - Shot Blocked by Brendan Morrison.
5:55 of 1st period - Wrist shot by Robert Nilsson.
5:55 of 1st period - Shot Blocked by Braydon Coburn.
6:01 of 1st period - Snap shot by Henrik Zetterberg.
6:01 of 1st period - Stopped by Marc-André Fleury without a rebound.
6:02 of 1st period - Evgeni Malkin wins face-off versus Pierre-Marc Bouchard in Maple Leafs zone.
6:16 of 1st period - Minor Penalty to Alexander Frolov for Hooking.
6:17 of 1st period - Kris Versteeg wins face-off versus Claude Giroux in Maple Leafs zone.
6:52 of 1st period - Off-side.
6:53 of 1st period - Pierre-Marc Bouchard wins face-off versus Matt Pettinger in neutral zone.
7:23 of 1st period - Snap shot by Brent Burns.
7:23 of 1st period - Stopped by Marc-André Fleury without a rebound.
7:24 of 1st period - Matt Pettinger wins face-off versus Robert Nilsson in Maple Leafs zone.
8:16 of 1st period - Penalty to Alexander Frolov is over, Alexander Frolov is back on ice.
8:30 of 1st period - Taylor Chorney is hit by Viktor Kozlov and loses puck.
8:43 of 1st period - Wrist shot by Jamie Langenbrunner.
8:43 of 1st period - Stopped by Marc-André Fleury without a rebound.
8:44 of 1st period - Pierre-Marc Bouchard wins face-off versus Jordan Staal in Maple Leafs zone.
9:27 of 1st period - Rob Schremp is hit by Andy Rogers and loses puck.
9:34 of 1st period - Wrist shot by Robert Nilsson.
9:34 of 1st period - Deflect By Henrik Zetterberg.
9:34 of 1st period - Stopped by Marc-André Fleury with a rebound.
9:36 of 1st period - Slapshot by Andy Rogers.
9:36 of 1st period - Stopped by Marc-André Fleury without a rebound.
9:37 of 1st period - Chris Higgins wins face-off versus Jordan Staal in Maple Leafs zone.
9:38 of 1st period - Wrist shot by Steve Bernier.
9:38 of 1st period - Shot Misses the Net.
10:09 of 1st period - Snap shot by Kris Versteeg.
10:09 of 1st period - Shot Misses the Net.
10:28 of 1st period - Minor Penalty to Brendan Morrison for Cross-checking.
10:29 of 1st period - Claude Giroux wins face-off versus Robert Nilsson in Maple Leafs zone.
11:01 of 1st period - John Carlson is hit by Alexander Frolov and loses puck.
12:28 of 1st period - Penalty to Brendan Morrison is over, Brendan Morrison is back on ice.
12:35 of 1st period - Snap shot by Daniel Carcillo.
12:35 of 1st period - Stopped by Marc-André Fleury with a rebound.
12:37 of 1st period - Wrist shot by Sheldon Keefe.
12:37 of 1st period - Shot Misses the Net.
12:39 of 1st period - Slapshot by Dominic Moore.
12:39 of 1st period - Stopped by Marc-André Fleury without a rebound.
12:40 of 1st period - Brendan Morrison wins face-off versus Dominic Moore in Maple Leafs zone.
12:47 of 1st period - Wrist shot by Daniel Carcillo.
12:47 of 1st period - Shot Misses the Net.
12:49 of 1st period - Wrist shot by Daniel Carcillo.
12:49 of 1st period - Shot Misses the Net.
14:03 of 1st period - Minor Penalty to Rob Schremp for Tripping.
14:04 of 1st period - Claude Giroux wins face-off versus Robert Nilsson in Maple Leafs zone.
14:17 of 1st period - Wrist shot by Henrik Zetterberg.
14:17 of 1st period - Goal by Henrik Zetterberg - Blackhawks : 2 - Maple Leafs : 0.
14:18 of 1st period - Evgeni Malkin wins face-off versus Robert Nilsson in neutral zone.
14:57 of 1st period - Slapshot by Pierre-Marc Bouchard.
14:57 of 1st period - Shot Misses the Net.
15:17 of 1st period - Icing by Jordan Staal.
15:18 of 1st period - Robert Nilsson wins face-off versus Jordan Staal in Maple Leafs zone.
15:49 of 1st period - Slapshot by Evgeni Malkin.
15:49 of 1st period - Shot Blocked by Andy Rogers.
16:06 of 1st period - Off-side.
16:07 of 1st period - Dominic Moore wins face-off versus Brendan Morrison in neutral zone.
16:12 of 1st period - Snap shot by Sheldon Keefe.
16:12 of 1st period - Stopped by Marc-André Fleury without a rebound.
16:13 of 1st period - Evgeni Malkin wins face-off versus Robert Nilsson in Maple Leafs zone.
16:40 of 1st period - Backhand shot by Fabian Brunnstrom.
16:40 of 1st period - Goal by Fabian Brunnstrom - Blackhawks : 2 - Maple Leafs : 1.
16:41 of 1st period - Evgeni Malkin wins face-off versus Robert Nilsson in neutral zone.
16:44 of 1st period - John Carlson is hit by Alexander Frolov and loses puck.
16:55 of 1st period - Snap shot by Henrik Zetterberg.
16:55 of 1st period - Stopped by Marc-André Fleury without a rebound.
16:56 of 1st period - Pierre-Marc Bouchard wins face-off versus Brendan Morrison in Maple Leafs zone.
17:01 of 1st period - Snap shot by Pierre-Marc Bouchard.
17:01 of 1st period - Shot Blocked by Taylor Chorney.
17:23 of 1st period - Evgeni Malkin is hit by John Carlson and loses puck.
17:44 of 1st period - Slapshot by Matt Pettinger.
17:44 of 1st period - Stopped by Tyler Weiman without a rebound.
17:45 of 1st period - Jordan Staal wins face-off versus Dominic Moore in Blackhawks zone.
17:46 of 1st period - Backhand shot by Matt Pettinger.
17:46 of 1st period - Stopped by Tyler Weiman without a rebound.
17:47 of 1st period - Evgeni Malkin wins face-off versus Robert Nilsson in Blackhawks zone.
18:38 of 1st period - Matt Pettinger is hit by Chris Campoli and loses puck.
18:45 of 1st period - Sheldon Keefe is hit by Marc-Édouard Vlasic and loses puck.
Goals for this period are 2 for Blackhawks vs 1 for Maple Leafs.
Shots for this period are 12 for Blackhawks vs 7 for Maple Leafs.

2nd period


0:01 of 2nd period - Robert Nilsson wins face-off versus Evgeni Malkin in neutral zone.
0:06 of 2nd period - Snap shot by Henrik Zetterberg.
0:06 of 2nd period - Stopped by Marc-André Fleury with a rebound.
0:36 of 2nd period - Penalty Shot by Marc-Édouard Vlasic for Maple Leafs.
0:36 of 2nd period - Backhand shot by Marc-Édouard Vlasic.
0:36 of 2nd period - Stopped by Tyler Weiman.
0:37 of 2nd period - Robert Nilsson wins face-off versus Evgeni Malkin in Maple Leafs zone.
1:20 of 2nd period - Icing by Byron Bitz.
1:21 of 2nd period - Dominic Moore wins face-off versus Jordan Staal in Maple Leafs zone.
1:32 of 2nd period - Wrist shot by Colby Armstrong.
1:32 of 2nd period - Stopped by Tyler Weiman with a rebound.
1:34 of 2nd period - Snap shot by Braydon Coburn.
1:34 of 2nd period - Deflect By Brent Burns.
1:34 of 2nd period - Stopped by Tyler Weiman with a rebound.
1:42 of 2nd period - Minor Penalty to Dominic Moore for Tripping.
1:43 of 2nd period - Sheldon Keefe wins face-off versus Evgeni Malkin in Blackhawks zone.
2:36 of 2nd period - Brent Burns is hit by Alexander Frolov and loses puck.
3:42 of 2nd period - Penalty to Dominic Moore is over, Dominic Moore is back on ice.
3:47 of 2nd period - Chris Campoli is hit by Marc-Édouard Vlasic and loses puck.
3:52 of 2nd period - Slapshot by Jordan Staal.
3:52 of 2nd period - Shot Blocked by Brent Burns.
3:54 of 2nd period - Snap shot by Colby Armstrong.
3:54 of 2nd period - Shot Misses the Net.
3:56 of 2nd period - Wrist shot by Colby Armstrong.
3:56 of 2nd period - Stopped by Tyler Weiman without a rebound.
3:57 of 2nd period - Robert Nilsson wins face-off versus Jordan Staal in Blackhawks zone.
4:02 of 2nd period - Slapshot by John Carlson.
4:02 of 2nd period - Shot Blocked by Jordan Staal.
4:04 of 2nd period - Slapshot by Brent Burns.
4:04 of 2nd period - Shot Misses the Net.
4:06 of 2nd period - Slapshot by Brent Burns.
4:06 of 2nd period - Deflect By Henrik Zetterberg.
4:06 of 2nd period - Stopped by Marc-André Fleury without a rebound.
4:07 of 2nd period - Robert Nilsson wins face-off versus Jordan Staal in Maple Leafs zone.
4:10 of 2nd period - Snap shot by Henrik Zetterberg.
4:10 of 2nd period - Deflect By Kris Versteeg.
4:10 of 2nd period - Shot Misses the Net.
4:10 of 2nd period - Puck is out of play.
4:11 of 2nd period - Evgeni Malkin wins face-off versus Robert Nilsson in Maple Leafs zone.
4:13 of 2nd period - Minor Penalty to Marc-Édouard Vlasic for Holding.
4:14 of 2nd period - Claude Giroux wins face-off versus Robert Nilsson in Maple Leafs zone.
4:23 of 2nd period - Minor Penalty to Tobias Enstrom for Holding.
4:24 of 2nd period - Claude Giroux wins face-off versus Robert Nilsson in Maple Leafs zone.
4:54 of 2nd period - Snap shot by Pierre-Marc Bouchard.
4:54 of 2nd period - Deflect By Chris Higgins.
4:54 of 2nd period - Shot Blocked by Claude Giroux.
4:54 of 2nd period - Puck is out of play.
4:55 of 2nd period - Robert Nilsson wins face-off versus Claude Giroux in Maple Leafs zone.
4:56 of 2nd period - Wrist shot by Henrik Zetterberg.
4:56 of 2nd period - Stopped by Marc-André Fleury with a rebound.
5:04 of 2nd period - Snap shot by Henrik Zetterberg.
5:04 of 2nd period - Goal by Henrik Zetterberg - Blackhawks : 3 - Maple Leafs : 1.
5:05 of 2nd period - Claude Giroux wins face-off versus Robert Nilsson in neutral zone.
5:13 of 2nd period - Wrist shot by John Carlson.
5:13 of 2nd period - Goal by John Carlson - Blackhawks : 4 - Maple Leafs : 1.
5:13 of 2nd period - Mike Smith enters game.
5:14 of 2nd period - Evgeni Malkin wins face-off versus Robert Nilsson in neutral zone.
5:14 of 2nd period - Minor Penalty to Evgeni Malkin for Hooking.
5:15 of 2nd period - Claude Giroux wins face-off versus Robert Nilsson in Maple Leafs zone.
6:27 of 2nd period - Tobias Enstrom is hit by Steve Bernier and loses puck.
7:14 of 2nd period - Penalty to Evgeni Malkin is over, Evgeni Malkin is back on ice.
7:34 of 2nd period - Slapshot by Daniel Carcillo.
7:34 of 2nd period - Deflect By Sheldon Keefe.
7:34 of 2nd period - Goal by Sheldon Keefe - Blackhawks : 5 - Maple Leafs : 1.
7:35 of 2nd period - Pierre-Marc Bouchard wins face-off versus Evgeni Malkin in neutral zone.
7:43 of 2nd period - Snap shot by Evgeni Malkin.
7:43 of 2nd period - Stopped by Tyler Weiman with a rebound.
7:47 of 2nd period - Slapshot by Claude Giroux.
7:47 of 2nd period - Shot Misses the Net.
7:49 of 2nd period - Wrist shot by Alexander Frolov.
7:49 of 2nd period - Stopped by Tyler Weiman with a rebound.
7:51 of 2nd period - Slapshot by Tobias Enstrom.
7:51 of 2nd period - Stopped by Tyler Weiman with a rebound.
8:21 of 2nd period - Matt Pettinger is hit by Robert Nilsson and loses puck.
8:45 of 2nd period - Snap shot by Viktor Kozlov.
8:45 of 2nd period - Deflect By Evgeni Malkin.
8:45 of 2nd period - Shot Blocked by Taylor Chorney.
8:45 of 2nd period - Puck is out of play.
8:46 of 2nd period - Alexander Frolov wins face-off versus Viktor Kozlov in Maple Leafs zone.
8:46 of 2nd period - Alexander Frolov is hit by Jamie Langenbrunner.
8:59 of 2nd period - Minor Penalty to Evgeni Malkin for Interference.
9:00 of 2nd period - Robert Nilsson wins face-off versus Matt Pettinger in Maple Leafs zone.
9:00 of 2nd period - Slapshot by Henrik Zetterberg.
9:00 of 2nd period - Shot Blocked by Braydon Coburn.
9:02 of 2nd period - Wrist shot by Robert Nilsson.
9:02 of 2nd period - Stopped by Mike Smith with a rebound.
9:04 of 2nd period - Snap shot by Henrik Zetterberg.
9:04 of 2nd period - Goal by Henrik Zetterberg - Blackhawks : 6 - Maple Leafs : 1.
9:05 of 2nd period - Robert Nilsson wins face-off versus Evgeni Malkin in neutral zone.
9:13 of 2nd period - Double Minor Penalty to John Carlson for Slashing.
9:14 of 2nd period - Evgeni Malkin wins face-off versus Dominic Moore in Blackhawks zone.
9:46 of 2nd period - Minor Penalty to Brendan Morrison for Roughing.
9:47 of 2nd period - Claude Giroux wins face-off versus Robert Nilsson in Maple Leafs zone.
9:49 of 2nd period - Icing by Braydon Coburn.
9:50 of 2nd period - Claude Giroux wins face-off versus Robert Nilsson in Maple Leafs zone.
11:34 of 2nd period - Colby Armstrong is hit by Sheldon Keefe and loses puck.
11:46 of 2nd period - Penalty to Brendan Morrison is over, Brendan Morrison is back on ice.
12:07 of 2nd period - Slapshot by Braydon Coburn.
12:07 of 2nd period - Stopped by Tyler Weiman without a rebound.
12:08 of 2nd period - Brendan Morrison wins face-off versus Dominic Moore in Blackhawks zone.
12:21 of 2nd period - Wrist shot by Byron Bitz.
12:21 of 2nd period - Shot Misses the Net.
13:13 of 2nd period - Penalty to John Carlson is over, John Carlson is back on ice.
14:10 of 2nd period - Snap shot by John Carlson.
14:10 of 2nd period - Stopped by Mike Smith with a rebound.
14:12 of 2nd period - Slapshot by Wes O'Neill.
14:12 of 2nd period - Stopped by Mike Smith without a rebound.
14:13 of 2nd period - Viktor Kozlov wins face-off versus Brendan Morrison in Maple Leafs zone.
14:44 of 2nd period - Snap shot by Henrik Zetterberg.
14:44 of 2nd period - Deflect By Kris Versteeg.
14:44 of 2nd period - Shot Misses the Net.
14:44 of 2nd period - Puck is out of play.
14:45 of 2nd period - Pierre-Marc Bouchard wins face-off versus Evgeni Malkin in Maple Leafs zone.
14:46 of 2nd period - Snap shot by Chris Higgins.
14:46 of 2nd period - Stopped by Mike Smith without a rebound.
14:47 of 2nd period - Pierre-Marc Bouchard wins face-off versus Evgeni Malkin in Maple Leafs zone.
14:55 of 2nd period - Claude Giroux and Pierre-Marc Bouchard fight to a draw.
14:55 of 2nd period - Penalty to Claude Giroux for Fighting.
14:55 of 2nd period - Penalty to Pierre-Marc Bouchard for Fighting.
14:56 of 2nd period - Evgeni Malkin wins face-off versus Robert Nilsson in Blackhawks zone.
15:03 of 2nd period - Snap shot by Jordan Staal.
15:03 of 2nd period - Stopped by Tyler Weiman with a rebound.
15:05 of 2nd period - Wrist shot by Evgeni Malkin.
15:05 of 2nd period - Shot Blocked by Kris Versteeg.
15:07 of 2nd period - Snap shot by Alexander Frolov.
15:07 of 2nd period - Deflect By Evgeni Malkin.
15:07 of 2nd period - Stopped by Tyler Weiman with a rebound.
15:09 of 2nd period - Slapshot by Tobias Enstrom.
15:09 of 2nd period - Stopped by Tyler Weiman with a rebound.
15:11 of 2nd period - Snap shot by Evgeni Malkin.
15:11 of 2nd period - Stopped by Tyler Weiman without a rebound.
15:12 of 2nd period - Brendan Morrison wins face-off versus Dominic Moore in Blackhawks zone.
15:13 of 2nd period - Snap shot by Fabian Brunnstrom.
15:13 of 2nd period - Shot Blocked by Chris Higgins.
15:19 of 2nd period - Wrist shot by Fabian Brunnstrom.
15:19 of 2nd period - Stopped by Tyler Weiman without a rebound.
15:20 of 2nd period - Dominic Moore wins face-off versus Brendan Morrison in Blackhawks zone.
15:57 of 2nd period - Wrist shot by Dominic Moore.
15:57 of 2nd period - Goal by Dominic Moore - Blackhawks : 7 - Maple Leafs : 1.
15:58 of 2nd period - Evgeni Malkin wins face-off versus Robert Nilsson in neutral zone.
16:01 of 2nd period - Wrist shot by Evgeni Malkin.
16:01 of 2nd period - Shot Misses the Net.
16:03 of 2nd period - Wrist shot by Evgeni Malkin.
16:03 of 2nd period - Shot Blocked by Jeff Schultz.
16:03 of 2nd period - Jeff Schultz from Blackhawks is injured at 16:03 of 2nd period (Sore Left Knee).
16:04 of 2nd period - Robert Nilsson wins face-off versus Evgeni Malkin in Blackhawks zone.
16:11 of 2nd period - Wrist shot by Tobias Enstrom.
16:11 of 2nd period - Deflect By Henrik Zetterberg.
16:11 of 2nd period - Stopped by Tyler Weiman with a rebound.
16:13 of 2nd period - Wrist shot by Alexander Frolov.
16:13 of 2nd period - Shot Misses the Net.
16:15 of 2nd period - Slapshot by Evgeni Malkin.
16:15 of 2nd period - Stopped by Tyler Weiman without a rebound.
16:16 of 2nd period - Evgeni Malkin wins face-off versus Robert Nilsson in Blackhawks zone.
16:17 of 2nd period - Slapshot by Alexander Frolov.
16:17 of 2nd period - Stopped by Tyler Weiman without a rebound.
16:18 of 2nd period - Evgeni Malkin wins face-off versus Robert Nilsson in Blackhawks zone.
16:42 of 2nd period - Icing by Alexander Frolov.
16:43 of 2nd period - Evgeni Malkin wins face-off versus Dominic Moore in Maple Leafs zone.
17:32 of 2nd period - Viktor Kozlov is hit by Evgeni Malkin and loses puck.
18:12 of 2nd period - Snap shot by Dominic Moore.
18:12 of 2nd period - Shot Misses the Net.
18:14 of 2nd period - Slapshot by Andy Rogers.
18:14 of 2nd period - Stopped by Mike Smith with a rebound.
18:33 of 2nd period - Off-side.
18:34 of 2nd period - Rob Schremp wins face-off versus Daniel Carcillo in neutral zone.
18:47 of 2nd period - Wrist shot by Justin Abdelkader.
18:47 of 2nd period - Goal by Justin Abdelkader - Blackhawks : 7 - Maple Leafs : 2.
18:48 of 2nd period - Robert Nilsson wins face-off versus Jordan Staal in neutral zone.
19:23 of 2nd period - Minor Penalty to Wes O'Neill for Roughing.
19:24 of 2nd period - Evgeni Malkin wins face-off versus Dominic Moore in Blackhawks zone.
19:32 of 2nd period - Slapshot by Jordan Staal.
19:32 of 2nd period - Stopped by Tyler Weiman without a rebound.
19:33 of 2nd period - Evgeni Malkin wins face-off versus Dominic Moore in Blackhawks zone.
19:34 of 2nd period - Wrist shot by Alexander Frolov.
19:34 of 2nd period - Shot Misses the Net.
19:36 of 2nd period - Slapshot by Braydon Coburn.
19:36 of 2nd period - Shot Misses the Net.
19:38 of 2nd period - Backhand shot by Alexander Frolov.
19:38 of 2nd period - Shot Misses the Net.
19:44 of 2nd period - Wrist shot by Evgeni Malkin.
19:44 of 2nd period - Shot Misses the Net.
19:46 of 2nd period - Wrist shot by Evgeni Malkin.
19:46 of 2nd period - Deflect By Brent Burns.
19:46 of 2nd period - Shot Blocked by Brent Burns.
19:46 of 2nd period - Puck is out of play.
19:47 of 2nd period - Dominic Moore wins face-off versus Evgeni Malkin in Blackhawks zone.
19:47 of 2nd period - Dominic Moore is hit by Braydon Coburn.
19:55 of 2nd period - Penalty to Pierre-Marc Bouchard is over, Pierre-Marc Bouchard is back on ice.
Goals for this period are 5 for Blackhawks vs 1 for Maple Leafs.
Shots for this period are 13 for Blackhawks vs 17 for Maple Leafs.

3rd period


0:01 of 3rd period - Evgeni Malkin wins face-off versus Dominic Moore in neutral zone.
0:26 of 3rd period - Byron Bitz is hit by Andy Rogers and loses puck.
0:33 of 3rd period - Wrist shot by Sheldon Keefe.
0:33 of 3rd period - Stopped by Mike Smith without a rebound.
0:34 of 3rd period - Jamie Langenbrunner wins face-off versus Evgeni Malkin in Maple Leafs zone.
0:41 of 3rd period - Evgeni Malkin is hit by Andy Rogers and loses puck.
0:48 of 3rd period - Snap shot by Evgeni Malkin.
0:48 of 3rd period - Shot Misses the Net.
0:50 of 3rd period - Slapshot by Braydon Coburn.
0:50 of 3rd period - Shot Misses the Net.
1:00 of 3rd period - Brendan Morrison is hit by Viktor Kozlov and loses puck.
1:23 of 3rd period - Penalty to Wes O'Neill is over, Wes O'Neill is back on ice.
1:46 of 3rd period - Minor Penalty to Colby Armstrong for Hooking.
1:47 of 3rd period - Claude Giroux wins face-off versus Robert Nilsson in Maple Leafs zone.
1:54 of 3rd period - Slapshot by Evgeni Malkin.
1:54 of 3rd period - Shot Blocked by John Carlson.
2:19 of 3rd period - Evgeni Malkin is hit by Pierre-Marc Bouchard and loses puck.
2:24 of 3rd period - Wrist shot by Chris Higgins.
2:24 of 3rd period - Shot Blocked by Evgeni Malkin.
2:26 of 3rd period - Snap shot by Steve Bernier.
2:26 of 3rd period - Shot Misses the Net.
2:28 of 3rd period - Snap shot by Steve Bernier.
2:28 of 3rd period - Deflect By Chris Higgins.
2:28 of 3rd period - Goal by Chris Higgins - Blackhawks : 8 - Maple Leafs : 2.
2:28 of 3rd period - Marc-André Fleury enters game.
2:29 of 3rd period - Kris Versteeg wins face-off versus Evgeni Malkin in neutral zone.
2:36 of 3rd period - Snap shot by Kris Versteeg.
2:36 of 3rd period - Stopped by Marc-André Fleury with a rebound.
2:54 of 3rd period - Robert Nilsson is hit by Matt Pettinger and loses puck.
3:07 of 3rd period - Snap shot by Colby Armstrong.
3:07 of 3rd period - Shot Blocked by Wes O'Neill.
3:17 of 3rd period - Wrist shot by Justin Abdelkader.
3:17 of 3rd period - Stopped by Tyler Weiman without a rebound.
3:18 of 3rd period - Pierre-Marc Bouchard wins face-off versus Rob Schremp in Blackhawks zone.
3:43 of 3rd period - Alexander Frolov is hit by Sheldon Keefe.
4:06 of 3rd period - Marc-Édouard Vlasic is hit by Wes O'Neill and loses puck.
4:13 of 3rd period - Fabian Brunnstrom is hit by Jamie Langenbrunner and loses puck.
5:06 of 3rd period - Slapshot by Rob Schremp.
5:06 of 3rd period - Shot Blocked by Brent Burns.
5:13 of 3rd period - Minor Penalty to Alexander Frolov for Holding.
5:14 of 3rd period - Claude Giroux wins face-off versus Robert Nilsson in Maple Leafs zone.
5:45 of 3rd period - Wrist shot by Byron Bitz.
5:45 of 3rd period - Deflect By Matt Pettinger.
5:45 of 3rd period - Shot Blocked by Henrik Zetterberg.
5:45 of 3rd period - Puck is out of play.
5:46 of 3rd period - Pierre-Marc Bouchard wins face-off versus Claude Giroux in Blackhawks zone.
6:41 of 3rd period - Icing by Steve Bernier.
6:42 of 3rd period - Steve Bernier wins face-off versus Matt Pettinger in Blackhawks zone.
7:13 of 3rd period - Penalty to Alexander Frolov is over, Alexander Frolov is back on ice.
7:42 of 3rd period - Icing by Brent Burns.
7:43 of 3rd period - Brendan Morrison wins face-off versus Viktor Kozlov in Blackhawks zone.
8:30 of 3rd period - Slapshot by Jordan Staal.
8:30 of 3rd period - Deflect By Chris Higgins.
8:30 of 3rd period - Stopped by Tyler Weiman with a rebound.
8:32 of 3rd period - Wrist shot by Justin Schultz.
8:32 of 3rd period - Deflect By Jordan Staal.
8:32 of 3rd period - Stopped by Tyler Weiman with a rebound.
8:34 of 3rd period - Wrist shot by Colby Armstrong.
8:34 of 3rd period - Stopped by Tyler Weiman with a rebound.
8:36 of 3rd period - Snap shot by Colby Armstrong.
8:36 of 3rd period - Deflect By Pierre-Marc Bouchard.
8:36 of 3rd period - Goal by Colby Armstrong - Blackhawks : 8 - Maple Leafs : 3.
8:37 of 3rd period - Evgeni Malkin wins face-off versus Robert Nilsson in neutral zone.
8:42 of 3rd period - Slapshot by Tobias Enstrom.
8:42 of 3rd period - Stopped by Tyler Weiman without a rebound.
8:43 of 3rd period - Evgeni Malkin wins face-off versus Robert Nilsson in Blackhawks zone.
8:52 of 3rd period - Backhand shot by Henrik Zetterberg.
8:52 of 3rd period - Shot Blocked by Braydon Coburn.
8:54 of 3rd period - Wrist shot by Kris Versteeg.
8:54 of 3rd period - Shot Misses the Net.
9:10 of 3rd period - Chris Higgins is hit by Braydon Coburn.
9:11 of 3rd period - Chris Higgins from Blackhawks is injured at 9:11 of 3rd period (Right Hand).
9:12 of 3rd period - Evgeni Malkin wins face-off versus Robert Nilsson in Blackhawks zone.
9:15 of 3rd period - Snap shot by Evgeni Malkin.
9:15 of 3rd period - Stopped by Tyler Weiman without a rebound.
9:16 of 3rd period - Robert Nilsson wins face-off versus Evgeni Malkin in Blackhawks zone.
9:29 of 3rd period - Wrist shot by Kris Versteeg.
9:29 of 3rd period - Stopped by Marc-André Fleury with a rebound.
9:31 of 3rd period - Slapshot by Brent Burns.
9:31 of 3rd period - Stopped by Marc-André Fleury without a rebound.
9:32 of 3rd period - Brendan Morrison wins face-off versus Pierre-Marc Bouchard in Maple Leafs zone.
9:34 of 3rd period - Byron Bitz is hit by Pierre-Marc Bouchard and loses puck.
10:26 of 3rd period - Wrist shot by Jordan Staal.
10:26 of 3rd period - Goal by Jordan Staal - Blackhawks : 8 - Maple Leafs : 4.
10:27 of 3rd period - Evgeni Malkin wins face-off versus Robert Nilsson in neutral zone.
10:42 of 3rd period - Minor Penalty to Robert Nilsson for High sticking.
10:43 of 3rd period - Dominic Moore wins face-off versus Evgeni Malkin in Blackhawks zone.
11:41 of 3rd period - Taylor Chorney is hit by Brent Burns and loses puck.
12:18 of 3rd period - Wes O'Neill is hit by Braydon Coburn and loses puck.
12:29 of 3rd period - Chris Campoli is hit by Brendan Morrison and loses puck.
12:40 of 3rd period - Chris Campoli is hit by Jordan Staal and loses puck.
12:42 of 3rd period - Penalty to Robert Nilsson is over, Robert Nilsson is back on ice.
12:49 of 3rd period - Snap shot by Pierre-Marc Bouchard.
12:49 of 3rd period - Stopped by Marc-André Fleury without a rebound.
12:50 of 3rd period - Rob Schremp wins face-off versus Robert Nilsson in Maple Leafs zone.
12:50 of 3rd period - Justin Abdelkader is hit by John Carlson and loses puck.
14:38 of 3rd period - Jamie Langenbrunner is hit by Justin Abdelkader and loses puck.
15:02 of 3rd period - Snap shot by Justin Abdelkader.
15:02 of 3rd period - Shot Misses the Net.
15:06 of 3rd period - Snap shot by Rob Schremp.
15:06 of 3rd period - Stopped by Tyler Weiman with a rebound.
15:08 of 3rd period - Wrist shot by Rob Schremp.
15:08 of 3rd period - Stopped by Tyler Weiman with a rebound.
15:10 of 3rd period - Wrist shot by Blake Comeau.
15:10 of 3rd period - Stopped by Tyler Weiman without a rebound.
15:11 of 3rd period - Evgeni Malkin wins face-off versus Robert Nilsson in Blackhawks zone.
15:45 of 3rd period - Slapshot by Brendan Morrison.
15:45 of 3rd period - Stopped by Tyler Weiman without a rebound.
15:46 of 3rd period - Pierre-Marc Bouchard wins face-off versus Brendan Morrison in Blackhawks zone.
15:46 of 3rd period - Pierre-Marc Bouchard is hit by Brendan Morrison.
15:58 of 3rd period - Snap shot by Fabian Brunnstrom.
15:58 of 3rd period - Shot Blocked by Steve Bernier.
16:12 of 3rd period - Henrik Zetterberg is hit by Justin Schultz and loses puck.
16:37 of 3rd period - Matt Pettinger is hit by Daniel Carcillo and loses puck.
17:00 of 3rd period - Pierre-Marc Bouchard is hit by Justin Schultz and loses puck.
18:36 of 3rd period - Ryan Malone is hit by Jordan Staal and loses puck.
Goals for this period are 1 for Blackhawks vs 2 for Maple Leafs.
Shots for this period are 6 for Blackhawks vs 12 for Maple Leafs.